 Dungeon Crawl Stone Soup version 0.26.1-2-gb8aa6d0cf2 (webtiles) character file.

Game seed: 8539331163155536568

79 funkygono the Firebug (level 4, -2/30 HPs)
             Began as a Demonspawn Fire Elementalist on Feb 23, 2021.
             Killed by nerve-wracking pain
             ... invoked by a shadow imp
              (12 damage)
             ... on level 2 of the Dungeon.
             The game lasted 00:04:01 (1951 turns).

funkygono the Firebug (DsFE)                        Turns: 1951, Time: 00:04:01

Health: -2/30      AC:  3    Str:  9    XL:     4   Next: 16%
Magic:  0/7        EV: 12    Int: 17    God:
Gold:   89         SH:  0    Dex: 13    Spells: 7/8 levels left

rFire    . . .     SeeInvis .   g - +0 whip
rCold    . . .     Faith    .   (no shield)
rNeg     . . .     Spirit   .   a - +0 robe
rPois    .         Reflect  .   (helmet restricted)
rElec    .         Harm     .   (no cloak)
rCorr    .         Rampage  .   c - +0 pair of gloves
Will     .....                  (no boots)
Stlth    ++........             (no amulet)
HPRegen  0.10/turn              (no ring)
MPRegen  0.10/turn              (no ring)

@: no status effects
A: horns 1, demonic guardian 2
a: no special abilities


You were on level 2 of the Dungeon.
You visited 1 branch of the dungeon, and saw 2 of its levels.

You collected 89 gold pieces.

Inventory:

Hand Weapons
 g - a +0 whip (weapon)
Armour
 a - a +0 robe (worn)
 c - a +0 pair of gloves (worn)
Scrolls
 b - a scroll of teleportation
 f - a scroll of magic mapping {unknown}
 h - a scroll of fog {unknown}
Potions
 d - a potion of curing {unknown}
 e - a potion of flight


   Skills:
 + Level 1.8 Dodging
 - Level 1.7 Stealth
 * Level 2.6 Spellcasting
 * Level 2.1 Conjurations
 * Level 3.7 Fire Magic


You had 7 spell levels left.
You knew the following spells:

 Your Spells              Type           Power        Failure   Level
a - Foxfire               Conj/Fire      48%          5%          1

Your spell library contained the following spells:

 Spells                   Type           Power        Failure   Level
 Conjure Flame            Conj/Fire      12%          16%         3
 Inner Flame              Hex/Fire       8%           26%         3
 Sticky Flame             Conj/Fire      12%          47%         4
 Confusing Touch          Hex            2%           50%         3
 Gell's Gravitas          Tloc           1%           50%         3
 Fireball                 Conj/Fire      6%           83%         5
 Petrify                  Tmut/Erth      2%           88%         4
 Metabolic Englaciation   Hex/Ice        1%           99%         5
 Yara's Violent Unravell  Hex/Tmut       1%           99%         5


Dungeon Overview and Level Annotations

Branches:
Dungeon (2/15)

Altars:
Okawaru


Innate Abilities, Weirdness & Mutations

You have a pair of small horns on your head.
A demonic guardian rushes to your aid.


Message History

Pain shoots through your body!
Casting: Foxfire (safe; 5% risk of failure)
Confirm with . or Enter, or press ? or * to list all spells.
You conjure some foxfire!
The shadow imp hits you.
The foxfire hits the shadow imp but does no damage.
The shadow imp is almost dead.
The shadow imp barely misses you.
Casting: Foxfire (safe; 5% risk of failure)
Confirm with . or Enter, or press ? or * to list all spells.
You conjure some foxfire!
The shadow imp hits you.
* * * LOW HITPOINT WARNING * * *
The foxfire hits the shadow imp.
The shadow imp is almost dead.
The shadow imp completely misses you.
Casting: Foxfire (safe; 5% risk of failure)
Confirm with . or Enter, or press ? or * to list all spells.
You conjure some foxfire!
The shadow imp gestures at you. Pain shoots through your body!
You die...

### #.########## #........v@#
#.########5# # #.########.# #
#.......##.# #########
#######.......##.#.######........
.<............##.#...............
#######.......##.#.######.#####.#
.....>#..........# #.#####[.
.####.....#..## ######........


You could see a shadow imp.

Vanquished Creatures
  2 adders (D:2)
  An ooze (D:2)
  A worm (D:2)
  A dart slug (D:1)
  3 leopard geckos
  A ball python (D:2)
  5 bats
  10 goblins
  8 hobgoblins
  2 quokkas (D:2)
  2 frilled lizards
  5 kobolds
  3 rats
44 creatures vanquished.

Vanquished Creatures (others)
  128 foxfires
128 creatures vanquished.

Grand Total: 172 creatures vanquished

Notes
Turn   | Place    | Note
-------+----------+-------------------------------------------
     0 | D:1      | funkygono the Demonspawn Fire Elementalist began the quest
                  | for the Orb.
     0 | D:1      | Reached XP level 1. HP: 13/13 MP: 3/3
   189 | D:1      | Reached skill level 3 in Fire Magic
   228 | D:1      | Gained mutation: You have a pair of small horns on your
                  | head. [demonic ancestry]
   228 | D:1      | Reached XP level 2. HP: 19/19 MP: 1/5
   918 | D:2      | Gained mutation: A weak demonic guardian rushes to your
                  | aid. [demonic ancestry]
   918 | D:2      | Reached XP level 3. HP: 23/24 MP: 2/6
  1227 | D:2      | Found an iron altar of Okawaru.
  1355 | D:2      | Gained mutation: A demonic guardian rushes to your aid.
                  | [demonic ancestry]
  1355 | D:2      | Reached XP level 4. HP: 30/30 MP: 2/7
  1951 | D:2      | Killed from afar by a shadow imp

Illustrated notes

Levels and vault maps discovered:
D:1:      nicolae_arrival_memento_mori, layout_rooms
D:2:      layout_basic, kennysheep_okawaru_gauntlet

Skill      XL: |  1  2  3 |
---------------+----------+-----
Fire Magic     | 3 |  3.7
Conjurations   | 2 |  2.1
Dodging        | |  1.8
Stealth        | |  1.7
Spellcasting   | |  2.6

Action                   |  1- 3 |  4- 6 || total
-------------------------+-------+-------++-------
Melee: Unarmed           |     6 |       ||     6
       Headbutt          |     1 |       ||     1
       Whip              |       |     1 ||     1
 Cast: Foxfire           |    65 |    21 ||    86
  Use: Scroll            |     4 |       ||     4
Armor: Robe              |     8 |     2 ||    10
Dodge: Dodged            |    14 |     8 ||    22
